 Dungeon Crawl Stone Soup version 0.30.0-10-gfe55d96785 (webtiles) character file.

Game seed: 5755604639037188927

4890 Esekla the Trooper (level 10, 0/77 (81) HPs)
             Began as a Red Draconian Hedge Wizard on May 14, 2023.
             Was a Priest of Vehumet.
             Killed from afar by an acid dragon (23 damage)
             ... with a splash of acid
             ... on level 9 of the Dungeon.
             The game lasted 01:06:10 (9890 turns).

Esekla the Trooper (Red Draconian Hedge Wizard)     Turns: 9890, Time: 01:06:11

HP:   0/77 (81)     AC:  8    Str: 12    XL:     10   Next: 26%
MP:   17/25         EV: 13    Int: 18    God:    Vehumet [***...]
Gold: 12            SH:  0    Dex: 18    Spells: 3/17 levels left

rFire   + . .        a - +4 long sword (freeze)
rCold   . . .        (no shield)
rNeg    . . .        (body armour unavailable)
rPois   +            b - +0 hat
rElec   .            (no cloak)
rCorr   .            (no gloves)
SInv    .            N - +0 pair of boots
Will    .....        (no amulet)
Stlth   +++          j - ring of magical power
HPRegen 0.32/turn    q - ring "Duerouh" {rPois Dex+6}
MPRegen 0.19/turn

%: no passive effects
@: short of breath, wereblooded, very slightly contaminated, lightly drained
A: breathe fire, AC +7, unfitting armour, fire resistance 1, cold-blooded
a: Breathe Fire, Renounce Religion


You were on level 9 of the Dungeon.
You worshipped Vehumet.
Vehumet was most pleased with you.
You visited 2 branches of the dungeon, and saw 10 of its levels.
You also visited: Sewer.

You collected 432 gold pieces.
You spent 420 gold pieces at shops.

Inventory:

Hand Weapons
 a - a +4 long sword of freezing (weapon)
 r - a +2 trident
 s - a +2 dagger of freezing
Missiles
 e - 4 curare-tipped darts
 p - 4 javelins
 z - 8 poisoned darts
 G - 3 boomerangs (quivered)
 K - a throwing net
Armour
 b - a +0 hat (worn)
 N - a +0 pair of boots (worn)
Jewellery
 j - a ring of magical power (left hand)
 q - the ring "Duerouh" (right hand) {rPois Dex+6}
   (You found it on level 2 of the Dungeon)

   [ring of dexterity]

   Dex:       It affects your dexterity (+6).
   rPois:     It protects you from poison.
Wands
 l - a wand of acid (10)
 J - a wand of charming (5)
 L - a wand of flame (7)
Scrolls
 d - 4 scrolls of immolation {unknown}
 f - 4 scrolls of magic mapping {unknown}
 h - 6 scrolls of teleportation
 o - 4 scrolls of blinking {unknown}
 t - a scroll of fog {unknown}
 u - 3 scrolls of enchant weapon {unknown}
 v - 4 scrolls of fear {unknown}
 x - 4 scrolls of poison {unknown}
 y - 2 scrolls of enchant armour {unknown}
 D - a scroll of summoning {unknown}
 F - 2 scrolls of amnesia {unknown}
Potions
 c - 3 potions of magic
 g - a potion of ambrosia
 i - 2 potions of invisibility
 k - 2 potions of curing
 m - 2 potions of berserk rage
 n - 3 potions of haste
 w - 3 potions of lignification
 A - 3 potions of attraction
 B - 2 potions of brilliance
 C - 4 potions of might
 E - a potion of resistance
 H - a potion of flight
 I - 2 potions of degeneration {unknown}
 M - a potion of mutation {unknown}


   Skills:
 * Level 5.3 Fighting
 + Level 4.3(5.4) Short Blades
 * Level 4.8(5.6) Long Blades
 + Level 1.2 Throwing
 + Level 3.1 Dodging
 + Level 5.2 Stealth
 * Level 4.3 Spellcasting
 * Level 4.6 Conjurations
 - Level 1.0 Summonings
 * Level 3.0 Necromancy
 + Level 3.2 Translocations
 + Level 5.0 Transmutations
 * Level 1.0 Fire Magic
 + Level 3.2 Air Magic
 + Level 4.7 Poison Magic


You had 3 spell levels left.
You knew the following spells:

 Your Spells              Type           Power      Damage    Failure   Level
a - Magic Dart            Conj           80%        1d7       1%          1
b - Blink                 Tloc           30%        N/A       5%          2
c - Mephitic Cloud        Conj/Pois/Air  18%        N/A       2%          3
d - Vampiric Draining     Necr           14%        2d7       12%         3
n - Ignite Poison         Fire/Tmut/Pois 16%        N/A       2%          3
w - Wereblood             Tmut           22%        N/A       2%          2

Your spell library contained the following spells:

 Spells                   Type           Power      Damage    Failure   Level
 Momentum Strike          Conj/Tloc      36%        3d9       1%          2
 Beastly Appendage        Tmut           44%        N/A       1%          1
 Kiss of Death            Conj/Necr      68%        2d10      1%          1
 Static Discharge         Conj/Air       36%        2-4/arc   1%          2
 Necrotise                Necr           56%        1d6       4%          1
 Cigotuvi's Dreadful Rot  Necr/Pois/Air  34%        N/A       4%          2
 Volatile Blastmotes      Fire/Tloc      22%        2d11      4%          3
 Spider Form              Tmut/Pois      21%        N/A       6%          3
 Slow                     Hex            12%        N/A       14%         1
 Call Imp                 Summ           14%        N/A       14%         2
 Confusing Touch          Hex            3%         N/A       41%         3
 Iskenderun's Mystic Bla  Conj/Tloc      18%        2d6       8%          4
 Airstrike                Air            7%         2d(2-18)  11%         4
 Sticky Flame             Conj/Fire      14%        2d4       12%         4
 Fulminant Prism          Conj/Hex       6%         3d7       16%         4
 Dispel Undead            Necr           14%        3d10      38%         4
 Summon Lightning Spire   Summ/Air       11%        N/A       52%         4
 Lee's Rapid Deconstruct  Erth           1%         3d4*      67%         5
 Agony                    Necr           14%        N/A       75%         5
 Ignition                 Fire           3%         3d4       100%        8


Dungeon Overview and Level Annotations

Branches:
Dungeon (9/15)             Temple (1/1) D:5           Sewer (visited)
   Lair: D:8-11         Orc: D:9-12

Altars:
Ashenzari
Cheibriados
Dithmenos
Elyvilon
Fedhas
Gozag
Hepliaklqana
Kikubaaqudgha
Makhleb
Nemelex Xobeh
Okawaru
Qazlal
Ru
Sif Muna
Trog
Uskayaw
Vehumet
Wu Jian
Xom
Yredelemnul
Zin
The Shining One

Shops:
D:3 ?*=   D:6 :


Innate Abilities, Weirdness & Mutations

You can breathe blasts of fire.
Your fiery red scales are hard. (AC +7)
You cannot fit into any form of body armour.
Your flesh is heat resistant. (rF+)
You are cold-blooded and may be slowed by cold attacks.


Message History

Aim: an orc warrior, wielding a +0 arbalest and wearing a +0 plate armour (severely wounded, chance to affect: 81%)
You miscast Mephitic Cloud.
You are very lightly contaminated with residual magic.
Nothing appears to happen.
Casting: Mephitic Cloud (mildly dangerous; 2% risk of failure)
Confirm with . or Enter, or press ? or * to list all spells.
Aiming: Mephitic Cloud (mildly dangerous; 2% risk of failure)
Press: ? - help, Shift-Dir - straight line, f/p - orc warrior
Aim: an orc warrior, wielding a +0 arbalest and wearing a +0 plate armour (severely wounded, chance to affect: 81%)
The ball explodes into a vile cloud!
The stinking cloud engulfs the orc warrior but does no damage.
The orc warrior is severely wounded.
The stinking cloud engulfs the orc but does no damage.
The stinking cloud engulfs the acid dragon but does no damage.
The stinking cloud engulfs something but does no damage.
You hear a shout!
The orc warrior is engulfed in noxious fumes.
The orc warrior shoots a bolt.
The bolt closely misses you.
Aiming: Throw Flame
Press: ? - help, Shift-Dir - straight line, f - acid dragon, p - orc warrior
Aim: an acid dragon (noxious fumes, 68% to hit)
The puff of flame hits the orc warrior.
The orc warrior is almost dead.
You howl as the wereblood boils in your veins!
The orc warrior is engulfed in noxious fumes.
The orc warrior appears confused.
Casting: Mephitic Cloud (mildly dangerous; 2% risk of failure)
Confirm with . or Enter, or press ? or * to list all spells.
You ignite the poison in your surroundings!
Vehumet accepts your kill.
Reactivating autopickup.
You feel a bit more experienced.
The acid dragon is engulfed in blazing flames.
You slash the orc warrior! You freeze the orc warrior.
You feel a bit better.
You kill the orc warrior!
Vehumet accepts your kill.
The acid dragon is engulfed in blazing flames.
The acid dragon spits acid at you. The splash of acid hits you!!
You die...

########
..[.....#############
..... #..............
.....o###............
....)☼D)@.##.....###
.....☼######.....#
....#!### #.....# ...
#....# #....>####### .
#.....##.............
.#.............#...♣..
......###.........♣.♣.
...... #........♣.♣.♣
.#.... #.......♣.♣.♣.


You could see an acid dragon (catching breath) and an orc.

Vanquished Creatures
  A manticore (D:7)
  A komodo dragon (D:8)
  3 rime drakes (D:7)
  A shadow (D:7)
  2 wyverns (D:7)
  A water moccasin (D:9)
  2 orc warriors
  A black bear (D:7)
  2 ice beasts (D:7)
  A centaur (D:7)
  A bullfrog (D:8)
  A gnoll sergeant (D:7)
  3 scorpions
  16 wights
  2 howler monkeys
  3 orc priests
  3 hounds
  4 gnoll boudas
  7 iguanas
  2 jellies
  Jessica (D:2)
  9 orc wizards
  25 gnolls
  2 river rats
  2 adders
  A shadow imp (D:7)
  3 ufetubi
  8 worms
  2 dart slugs (D:3)
  34 orcs
  7 endoplasms
  7 giant cockroaches
  7 goblins
  4 hobgoblins
  5 quokkas
  9 ball pythons
  4 bats
  4 frilled lizards
  18 kobolds
  6 rats
215 creatures vanquished.

Vanquished Creatures (others)
  An orc wizard (D:4)
1 creature vanquished.

Grand Total: 216 creatures vanquished

Notes
Turn   | Place    | Note
-------+----------+-------------------------------------------
     0 | D:1      | Esekla the Draconian Hedge Wizard began the quest for the
                  | Orb.
     0 | D:1      | Reached XP level 1. HP: 14/14 MP: 4/4
   519 | D:1      | Reached XP level 2. HP: 13/20 MP: 6/6
   550 | D:1      | Learned a level 2 spell: Blink
   553 | D:1      | Learned a level 2 spell: Wereblood
   909 | D:2      | Noticed a scorpion
   943 | D:2      | Killed a scorpion
   944 | D:2      | Reached XP level 3. HP: 23/27 MP: 7/7
   944 | D:2      | Reached XP level 4. HP: 29/34 MP: 9/9
   948 | D:2      | Learned a level 3 spell: Mephitic Cloud
  1387 | D:2      | Identified the ring "Duerouh" {rPois Dex+6}
  1548 | D:2      | Noticed Jessica
  1555 | D:2      | Killed Jessica
  1705 | D:3      | Reached skill level 1 in Transmutations
  1809 | D:3      | Found Ymehykh's Magic Scroll Shoppe.
  1823 | D:3      | Bought a scroll of identify for 28 gold pieces
  1823 | D:3      | Bought a scroll of identify for 28 gold pieces
  1823 | D:3      | Bought a scroll of identify for 28 gold pieces
  1941 | D:3      | Reached skill level 1 in Poison Magic
  1941 | D:3      | Reached XP level 5. HP: 39/39 MP: 10/10
  2005 | D:3      | Found a glowing golden altar of the Shining One.
  2117 | D:3      | Found Buevaur's Jewellery Shoppe.
  2158 | D:3      | Reached skill level 1 in Fighting
  2192 | D:3      | Found Pyero Giti's General Store.
  2414 | D:4      | Reached skill level 1 in Air Magic
  2546 | D:4      | Reached skill level 1 in Short Blades
  2619 | D:4      | Reached XP level 6. HP: 37/47 MP: 11/11
  3077 | D:5      | Entered Level 5 of the Dungeon
  3122 | D:5      | Found a glowing drain.
  3177 | D:5      | Your scales start taking on a fiery red colour.
  3177 | D:5      | Reached XP level 7. HP: 53/53 MP: 9/12
  3177 | D:5      | Gained mutation: Your flesh is heat resistant. (rF+) [Red
                  | Draconian growth]
  3219 | Sewer    | Entered a sewer
  4072 | D:5      | Found a staircase to the Ecumenical Temple.
  4093 | Temple   | Entered the Ecumenical Temple
  4290 | Temple   | Became a worshipper of Vehumet
  5072 | D:6      | Reached * piety under Vehumet
  5072 | D:6      | Offered knowledge of Freeze by Vehumet.
  5096 | D:6      | Reached XP level 8. HP: 52/62 MP: 11/13
  5519 | D:6      | Found Sedyon's Book Emporium.
  5736 | D:7      | Noticed a rime drake
  5737 | D:7      | Noticed a rime drake
  6826 | D:7      | Reached skill level 1 in Throwing
  6826 | D:7      | Reached XP level 9. HP: 22/69 MP: 14/14
  7281 | D:7      | Offered knowledge of Static Discharge by Vehumet.
  7470 | D:7      | Reached ** piety under Vehumet
  7483 | D:7      | Noticed a rime drake
  7678 | D:7      | Found the +4 skin of Zhor {*Englaciate rC+++ SInv}
  7756 | D:7      | Reached skill level 1 in Long Blades
  7910 | D:7      | Killed a rime drake
  7911 | D:7      | Reached skill level 5 in Stealth
  7911 | D:7      | Reached skill level 1 in Necromancy
  7916 | D:7      | Killed a rime drake
  7923 | D:7      | Killed a rime drake
  8598 | D:8      | Noticed a manticore
  8709 | D:7      | Killed a manticore
  8710 | D:7      | Reached skill level 5 in Fighting
  8710 | D:7      | Reached XP level 10. HP: 57/81 MP: 16/16
  8947 | D:8      | Offered knowledge of Momentum Strike by Vehumet.
  9282 | D:3      | Bought a book of Necromancy for 336 gold pieces
  9286 | D:3      | Learned a level 3 spell: Vampiric Draining
  9290 | D:3      | Learned a level 3 spell: Ignite Poison
  9647 | D:7      | Reached skill level 5 in Transmutations
  9837 | D:9      | Found an iron altar of Okawaru.
  9881 | D:9      | Reached skill level 1 in Fire Magic
  9881 | D:9      | Reached *** piety under Vehumet
  9890 | D:9      | Killed from afar by an acid dragon

Illustrated notes

Levels and vault maps discovered:
D:1:      psy_arrival_radial01, layout_basic
D:2:      minmay_general_purpose_star, layout_loops_cross, uniq_jessica
D:3:      layout_rooms, mainiacjoe_overflow_alcove_4, serial_shops, shop, shop,
          shop
D:4:      layout_basic
D:5:      layout_basic, minmay_temple_entry_water_ring, portal_sewer_entry_a,
          sigmund_army
D:6:      layout_basic, serial_shops, nicolae_shop_tiny_glass,
          minmay_misc_feat_doors
D:7:      layout_cave_pods, hellmonk_guarded_unrand_zhor
D:8:      layout_cave_pools, minmay_lizard_king
D:9:      layout_rooms, okawaru_trees_2, uniq_grum, uniq_psyche
Temple:   nicolae_temple_slightly_damp_pantheon

Skill      XL: |  1  2  3  4  5  6  7  8  9 10 |
---------------+-------------------------------+-----
Stealth        | 2 3 4 5 |  5.2
Conjurations   | 2 3 4 |  4.6
Transmutations | 1 2 3 4 5 |  5.0
Poison Magic   | 1 2 3 4 |  4.7
Fighting       | 1 2 3 5 |  5.3
Dodging        | 2 3 |  3.1
Air Magic      | 1 2 3 |  3.2
Short Blades   | 1 2 4 |  4.3
Translocations | 2 3 |  3.2
Throwing       | 1 |  1.2
Long Blades    | 3 4 |  4.8
Spellcasting   | 4 |  4.3
Necromancy     | 2 3 |  3.0
Fire Magic     | 1 |  1.0
Summonings     | |  1.0

Action                     |  1- 3 |  4- 6 |  7- 9 | 10-12 || total
---------------------------+-------+-------+-------+-------++-------
  Melee: Dagger            |    53 |   188 |   193 |       ||   434
         Tailslap          |     7 |    19 |    39 |     8 ||    73
         Punch             |       |     3 |     4 |     1 ||     8
         Falchion          |       |       |     8 |       ||     8
         Scimitar          |       |       |    49 |       ||    49
         Long sword        |       |       |    15 |    66 ||    81
  Throw: Dart              |     1 |     1 |     2 |       ||     4
         Javelin           |       |     2 |       |       ||     2
         Boomerang         |       |       |    34 |       ||    34
   Cast: Magic Dart        |    11 |    24 |     1 |       ||    36
         Blink             |     4 |     3 |     2 |       ||     9
         Mephitic Cloud    |       |    14 |    22 |     1 ||    37
         Wereblood         |       |     1 |     9 |     6 ||    16
         Ignite Poison     |       |       |       |     1 ||     1
Ability: Breathe Fire      |       |       |    29 |     4 ||    33
  Evoke: Wand              |       |       |       |     1 ||     1
    Use: Potion            |     2 |       |     1 |     1 ||     4
         Scroll            |     1 |     3 |     5 |     1 ||    10
   Stab: Sleeping          |     2 |     5 |     6 |       ||    13
         Confused          |       |     7 |    17 |       ||    24
 Armour: Skin              |    16 |    53 |    70 |    15 ||   154
  Dodge: Dodged            |    40 |    86 |   176 |    63 ||   365
